 Dungeon Crawl Stone Soup version 0.18.1-5-g4a78601 (webtiles) character file.

58 Zhenya25pyc the Skirmisher (level 4, 0/29 HPs)
             Began as a Gargoyle Fighter on May 14, 2016.
             Slain by a gnoll
             ... wielding a +0 spear
              (5 damage)
             ... on level 2 of the Dungeon.
             The game lasted 00:02:04 (1340 turns).

Zhenya25pyc the Skirmisher (Gargoyle Fighter)       Turns: 1340, Time: 00:02:05

Health: 0/29       AC: 11    Str: 21    XL:     4   Next: 1%
Magic:  4/4        EV:  7    Int:  8    God:
Gold:   97         SH:  9    Dex:  9    Spells: 0 memorised, 3 levels left

rFire  . . .     SeeInvis .     a - +0 flail
rCold  . . .     Gourm    .     b - +0 scale mail
rNeg   + . .     Faith    .     c - +0 shield
rPois  ∞         Spirit   .     l - +0 helmet
rElec  +         Dismiss  .     (no cloak)
rCorr  .         Reflect  .     (no gloves)
SustAt .         Harm     .     (no boots)
MR     .....                    (no amulet)
Stlth  ..........               (no ring)
                                (no ring)

@: not resistant to hostile enchantments, extremely unstealthy
A: negative energy resistance 1, electricity resistance, unbreathing,
petrification resistance, rot immunity, AC +3
a: no special abilities


You were on level 2 of the Dungeon.
You were hungry.

You visited 1 branch of the dungeon, and saw 2 of its levels.

You collected 97 gold pieces.

Inventory:

Hand Weapons
 a - a +0 flail (weapon)
Armour
 b - a +0 scale mail (worn)
 c - a +0 shield (worn)
 l - a +0 helmet (worn)
Scrolls
 g - a scroll of fog {unknown}
 h - a scroll of remove curse {unknown}
 j - 2 scrolls of recharging {unknown}
Potions
 d - a potion of might
 e - a potion of cancellation {unknown}
 i - a potion of lignification {unknown}
 m - 2 potions of brilliance {unknown}
Comestibles
 f - a bread ration
 k - a meat ration


   Skills:
 + Level 3.8 Fighting
 * Level 3.0 Maces & Flails
 + Level 3.8 Armour
 + Level 3.5 Shields


You had 3 spell levels left.
You didn't know any spells.

Dungeon Overview and Level Annotations

Branches:
Dungeon (2/15)

Altars:
Cheibriados
Dithmenos
Elyvilon
Fedhas
Qazlal


Innate Abilities, Weirdness & Mutations

You are resistant to torment.
Your stone body is resilient (AC +3).
You are immune to poison.
You resist negative energy.
You are resistant to electric shocks.
You can survive without breathing.
You are immune to petrification.
You are immune to rotting.


Message History

Your shield and scale mail prevent you from hitting the gnoll.
The gnoll is moderately wounded.
The gnoll hits you but does no damage. x2
You hit the gnoll but do no damage.
The gnoll is moderately wounded.
You block the gnoll's attack. The gnoll closely misses you.
Your shield prevents you from hitting the gnoll.
The gnoll is moderately wounded.
The gnoll hits you but does no damage. You block the gnoll's attack.
The gnoll hits you but does no damage.
You hit the gnoll.
The gnoll is severely wounded.
The gnoll hits you with a halberd.
* * * LOW HITPOINT WARNING * * *
The gnoll hits you but does no damage.
You hit the gnoll but do no damage.
The gnoll is severely wounded.
The gnoll hits you but does no damage.
The gnoll hits you from afar with a spear.
You die...

... #.# #..#.## #.. ...
#.###..#.#.########.# ..
#........#....#......
###.#.##.##.....#....#......
..........+............[....
.##.#.##(##..........#......
#.....##.#.##.####..........###.#
#.............####.[.............
#...........#ggg@................
#...........#.####'#......#......
.................#.#.............
................##.##............
........##g.gg..#...#..#..#.###..
...............##...##...........
..#...........##.....#...........
..#..........###.....###.......†.
...........###....8....###.......


You could see 3 gnolls.

Vanquished Creatures
  3 adders (D:2)
  A worm (D:2)
  A dart slug (D:1)
  A giant gecko (D:2)
  A ball python (D:1)
  4 hobgoblins
  2 quokkas (D:2)
  3 bats
  5 goblins
  2 kobolds
  2 rats
25 creatures vanquished.

Notes
Turn   | Place    | Note
--------------------------------------------------------------
     0 | D:1      | Zhenya25pyc the Gargoyle Fighter began the quest for the Orb.
     0 | D:1      | Reached XP level 1. HP: 14/14 MP: 1/1
     8 | D:1      | Noticed an electric eel
   391 | D:1      | Reached XP level 2. HP: 19/19 MP: 2/2
   764 | D:2      | Reached XP level 3. HP: 18/23 MP: 3/3
  1030 | D:2      | Found a stormy altar of Qazlal.
  1030 | D:2      | Found a blossoming altar of Fedhas.
  1138 | D:2      | Found a snail-covered altar of Cheibriados.
  1255 | D:2      | Found a shadowy altar of Dithmenos.
  1258 | D:2      | Found a white marble altar of Elyvilon.
  1315 | D:2      | Reached XP level 4. HP: 29/29 MP: 4/4
  1340 | D:2      | Slain by a gnoll

Skill      XL: |  1  2  3 |
---------------+----------+-----
Maces & Flails | 3 |  3.0
Fighting       | |  3.8
Armour         | |  3.8
Shields        | |  3.5

Action                   |  1- 3 |  4- 6 || total
-------------------------+-------+-------++-------
Melee: Flail             |   122 |    10 ||   132
  Eat: Chunk             |     1 |       ||     1
Armor: Scale mail        |    56 |    12 ||    68
Dodge: Dodged            |    35 |     4 ||    39
Block: Shield            |    73 |     7 ||    80
